 Dungeon Crawl Stone Soup version bcrawl-1.14 (webtiles) character file.

Game seed: 2114057956390346609

8096 MisterOstroum the Covert (level 11, -1/64 HPs)
             Began as a Mana Stalker Rogue on Sept 17, 2019.
             Was an Initiate of Wu Jian.
             Slain by a cane toad (12 damage)
             ... on level 2 of the Lair of Beasts.
             The game lasted 00:56:45 (9955 turns).

MisterOstroum the Covert (Mana Stalker Rogue)       Turns: 9955, Time: 00:56:46

Health: -1/64      AC:  6    Str: 20    XL:     11   Next: 25%
Magic:  0/17       EV: 15    Int:  9    God:    Wu Jian [......]
Gold:   750        SH:  0    Dex: 18    Spells: 10/17 levels left

rFire    + . .     SeeInvis .   m - +4 short sword (freeze) (curse)
rCold    . . .     Gourm    .   (no shield)
rNeg     . . .     Faith    .   c - +0 robe
rPois    .         Spirit   +   (helmet restricted)
rElec    .         Reflect  .   E - scarf {Spirit}
rCorr    .         Harm     .   s - +1 pair of gloves
MR       ++...                  t - +1 pair of boots
Stlth    +++++.....             (no amulet)
HPRegen  0.60/turn              n - +5 ring of strength
MPRegen  0.15/turn              a - ring of protection from fire

@: lethally poisoned (-1 -> -3)
A: fangs 3, horns 1, dopey 1, magic resistance 1, regeneration 1, antimagic
bite, no potion heal 3, rot immunity, strong jaws
a: Renounce Religion


You were on level 2 of the Lair of Beasts.
You worshipped Wu Jian.
Wu Jian was noncommittal.
You were not hungry.

You visited 3 branches of the dungeon, and saw 12 of its levels.

You collected 750 gold pieces.

Inventory:

Hand Weapons
 b - a +0 blowgun
 m - a cursed +4 short sword of freezing (weapon)
 u - a +2 dagger of flaming
 z - a +2 spear of venom
 C - a +1 dagger of venom
 P - the +6 hunting sling of the Pariah {freeze, +Fly rC+ Str+3 Stlth-, unknown}
   (You found it on level 1 of the Lair of Beasts)

   It causes projectiles fired from it to freeze those they strike, causing
   extra injury to most foes and up to half again as much damage against
   particularly susceptible opponents.
   They can also slow down cold-blooded creatures.
   It affects your strength (+3).
   It protects you from cold.
   It lets you fly.
   It makes you less stealthy.
Missiles
 h - 616 poisoned needles
 i - 1944 stones (quivered)
 x - 79 javelins
 L - 65 javelins of penetration
 N - 3 throwing nets {!f!f}
Armour
 c - a +0 robe (worn)
 d - a +0 cloak
 s - a +1 pair of gloves (worn)
 t - a +1 pair of boots (worn)
 E - a scarf of spirit shield (worn)
 I - a +0 helmet
 O - a +2 shield
Jewellery
 a - a ring of protection from fire (right hand)
 n - a +5 ring of strength (left hand)
Wands
 f - a wand of flame (9)
 g - a wand of enslavement (11)
 A - a wand of clouds (4)
 G - a wand of acid (5)
Scrolls
 p - 2 scrolls of blinking {@r4}
 q - 2 scrolls of enchant armour
 r - 3 scrolls of enchant weapon
 v - 2 scrolls of magic mapping {@r5 !r}
 w - a scroll of fog {!r}
 y - a scroll of immolation
 H - 4 scrolls of teleportation {@r3 !r}
 J - a scroll of silence
Potions
 j - 2 potions of lignification {@q6}
 k - a potion of berserk rage
 l - a potion of brilliance
 o - 3 potions of agility {@q5 !q}
 B - a potion of resistance
 D - a potion of might {@q3 !q}
 F - a potion of cancellation
 K - 2 potions of curing {@q1 !q}
 M - a potion of ambrosia
Comestibles
 e - 4 rations {!d}
 Q - 2 chunks of flesh


   Skills:
 - Level 6.0 Fighting
 - Level 9.3 Short Blades
 - Level 5.0 Dodging
 - Level 11.0 Stealth
 * Level 3.5 Spellcasting
 * Level 4.2 Conjurations
 * Level 3.6 Ice Magic
 - Level 6.2 Evocations


You had 10 spell levels left.
You knew the following spells:

 Your Spells              Type           Power        Failure   Level  Hunger
a - Freeze                Ice            #.....       7%          1    #......
b - Throw Icicle          Conj/Ice       #.......     50%         4    #####..
c - Throw Frost           Conj/Ice       #.....       9%          2    ###....

Your spell library contained the following spells:

 Spells                   Type           Power        Failure   Level  Hunger
 Ozocubu's Armour         Chrm/Ice       #.......     38%         3    ###....
 Summon Ice Beast         Ice/Summ       #.......     80%         4    #####..


Dungeon Overview and Level Annotations

Branches:
Dungeon (9/12)             Temple (1/1) D:4            Lair (2/6) D:8
  Swamp: Lair:2-4    Shoals: Lair:2-4     Snake: Lair:2-4    Spider: Lair:2-4
    Orc: D:8-11

Altars:
Ashenzari
Cheibriados
Dithmenos
Elyvilon
Fedhas
Gozag
Hepliaklqana
Kikubaaqudgha
Lugonu
Makhleb
Nemelex Xobeh
Okawaru
Qazlal
Ru
Sif Muna
Trog
Uskayaw
Vehumet
Wu Jian
Xom
Yredelemnul
Zin
The Shining One

Shops:
D:9 (

Annotations:
Lair:1 3 runed translucent doors, Artagas's ghost, novice VSRg


Innate Abilities, Weirdness & Mutations

You have razor-sharp teeth.
You are resistant to hostile enchantments. (MR+)
Your natural rate of healing is unusually fast.
Your bite disrupts and absorbs the magic of your enemies.
Potions cannot restore your health.
You are immune to rotting.
Your bites deal extra damage.
You have a pair of small horns on your head.
You are dopey. (Int -2)


Message History

You see here a wolf corpse.
You butcher the wolf corpse.
Q - 3 chunks of flesh (gained 1)
You see here a wolf skeleton.
There is a stone staircase leading down, spattered with blood here.
You start resting.
Eating one of 3 chunks of flesh.
You eat one of the 3 chunks of flesh.
This raw flesh tastes terrible.
HP restored.
You climb downwards.
You feel a wave of frost pass over you.
There is an entrance to an ice cave on this level.
Hurry and find it before the portal melts!
You hear the faint crackling of a distant melting archway.
The wolf bites you. x2; The wolf bites you but does no damage.
The wolf barely misses you.
You hear a distant blaring wail to the northeast.
The wolf bites you.
You hear a trumpeting!
There is a stone staircase leading up, spattered with blood here.
Unknown command.
Unknown command.
You spin and attack the wolf repeatedly.
You puncture the wolf! You freeze the wolf.
The wolf is heavily wounded.
You barely miss the wolf.
The wolf is heavily wounded.
You spin and attack the wolf repeatedly.
You hit the wolf. You freeze the wolf.
The wolf is moderately wounded.
You closely miss the wolf. Your bite misses the wolf.
The wolf is moderately wounded.
The wolf misses you. The wolf bites you. The wolf misses you.
The wolf bites you!
You spin and attack the wolf repeatedly.
You closely miss the wolf.
The wolf is heavily wounded.
You barely miss the wolf. Your bite misses the wolf.
The wolf is heavily wounded.
You spin and attack the wolf repeatedly.
You hit the wolf. You freeze the wolf. Your bite misses the wolf.
The wolf is severely wounded.
You puncture the wolf! You freeze the wolf.
You kill the wolf!
The Council accepts your kill. The wolf barely misses you. The wolf bites you.
The cane toad misses you.
There is a stone staircase leading up, spattered with blood here.
You spin and attack the cane toad.
You completely miss the cane toad. Your headbutt misses the cane toad.
You bite the cane toad. You drain its power.
You feel invigorated.
The cane toad is lightly wounded.
You spin and attack the wolf.
You puncture the wolf! You freeze the wolf.
You kill the wolf!
The Council accepts your kill. The cane toad closely misses you.
You hit the cane toad.
The cane toad seems to slow down.
You freeze the cane toad. Your bite misses the cane toad.
The cane toad is moderately wounded.
The cane toad hits you!
You puncture the cane toad!
The cane toad seems to slow down.
You freeze the cane toad. Your headbutt misses the cane toad.
The cane toad is heavily wounded.
You closely miss the cane toad.
You headbutt the cane toad, but do no damage.
The cane toad is heavily wounded.
The cane toad hits you!
You are poisoned.
The cane toad poisons you!
Casting: Freeze (safe; 7% risk of failure)
Confirm with . or Enter, or press ? or * to list all spells.
Aiming: Freeze (safe; 7% risk of failure)
Press: ? - help, Shift-Dir - straight line, f - cane toad
Aim: a cane toad (heavily wounded, slow)
You freeze the cane toad.
The cane toad is severely wounded.
You feel sick. The cane toad closely misses you.
Casting: Freeze (safe; 7% risk of failure)
Confirm with . or Enter, or press ? or * to list all spells.
Aiming: Throw Frost (safe; 9% risk of failure)
Press: ? - help, Shift-Dir - straight line, f/p - cane toad
Aim: a cane toad (severely wounded, slow)
The puff of frost misses the cane toad.
You feel sick.
Casting: Throw Frost (safe; 9% risk of failure)
Confirm with . or Enter, or press ? or * to list all spells.
Aiming: Freeze (safe; 7% risk of failure)
Press: ? - help, Shift-Dir - straight line, f/p - cane toad
Aim: a cane toad (severely wounded, slow)
You freeze the cane toad.
The cane toad is severely wounded.
You feel sick. The cane toad hits you!!
* * * LOW HITPOINT WARNING * * *
Unknown command.
You spin and attack the cane toad.
You barely miss the cane toad.
An eight-headed hydra comes into view.
The eight-headed hydra roars!
Your headbutt misses the cane toad.
You bite the cane toad, but do no damage.
The cane toad is severely wounded.
You feel sick.
You hear a loud, deep croak!
The cane toad hits you!
You die...

... .... ..## .>.
...Y....#....# ....
...........# ....
..........## ##..#
#.#.....P...
##...P##.#..#......
...........#.......
#.....#......
#@F..††......
..D.....#.##...>...
.......P#)# .......
##..P...... .....P.
..(..P##......!....
...... ....##.....#
...##...(.## ....#.
... .#....# .....


You could see an eight-headed hydra, an elephant (wandering) and a cane toad.

Vanquished Creatures
  Harold (D:8)
  A two-headed ogre (D:7)
  A cyclops (D:8)
  Joseph (D:8)
  A cane toad (Lair:1)
  A komodo dragon (Lair:1)
  Duvessa (D:7)
  A hornet (D:7)
  A hippogriff (Lair:1)
  A basilisk (Lair:1)
  A hungry ghost (D:7)
  A water moccasin (D:8)
  An orc warrior (D:6)
  A hornet zombie (D:7)
  5 sky beasts
  An ice beast (D:6)
  2 phantoms
  6 ogres
  6 wolves
  A crocodile (Lair:1)
  A centaur (D:3)
  7 bullfrogs
  A gnoll sergeant (D:6)
  Dowan (D:7)
  A howler monkey (D:5)
  4 wights (D:5)
  4 crimson imps
  4 hounds
  A quasit (D:5)
  4 bullfrog skeletons
  4 orc priests
  A centaur skeleton (D:8)
  An iguana (D:7)
  2 jellies
  6 orc wizards
  3 worker ants
  A hound zombie (D:6)
  A hound skeleton (D:6)
  9 gnolls
  6 adders
  3 shadow imps
  2 oozes
  An adder skeleton (D:8)
  6 worms
  3 dart slugs
  2 leopard geckos
  21 orcs
  4 ball pythons
  4 bats
  2 giant cockroaches (D:2)
  4 goblins
  7 hobgoblins
  15 jackals
  2 quokkas
  5 frilled lizards
  6 kobolds
  3 rats
187 creatures vanquished.

Vanquished Creatures (collateral kills)
  A deep elf mage (D:7)
1 creature vanquished.

Vanquished Creatures (others)
  An orc wizard (D:2)
  A plant (D:5)
2 creatures vanquished.

Grand Total: 190 creatures vanquished

Notes
Turn   | Place    | Note
-------+----------+-------------------------------------------
     0 | D:1      | MisterOstroum the Vine Stalker Rogue began the quest for
                  | the Orb.
     0 | D:1      | Reached XP level 1. HP: 12/12 MP: 3/3
    68 | D:1      | Reached skill level 6 in Stealth
   182 | D:1      | Reached XP level 2. HP: 16/17 MP: 4/4
   404 | D:1      | Reached skill level 1 in Dodging
   446 | D:1      | Reached XP level 3. HP: 21/21 MP: 5/5
   962 | D:2      | Reached XP level 4. HP: 11/26 MP: 6/6
  1240 | D:3      | Noticed a centaur
  1243 | D:3      | Killed a centaur
  1243 | D:3      | Reached XP level 5. HP: 30/30 MP: 7/7
  1494 | D:3      | Found a burning altar of Makhleb.
  1592 | D:3      | Found a snail-covered altar of Cheibriados.
  1632 | D:3      | Gained mutation: You have razor-sharp teeth. [Vine Stalker
                  | growth]
  1632 | D:3      | Reached XP level 6. HP: 30/35 MP: 8/8
  1649 | D:3      | Reached skill level 5 in Short Blades
  2406 | D:4      | Got a dazzling trident
  2441 | D:4      | Identified the +4 trident "Ageuva" {venom, Fragile MR+
                  | Str+3 Dex+9} (You found it on level 4 of the Dungeon)
  2672 | D:4      | Found a staircase to the Ecumenical Temple.
  2679 | Temple   | Entered the Ecumenical Temple
  3038 | D:4      | Reached XP level 7. HP: 28/41 MP: 9/9
  3180 | D:5      | Entered Level 5 of the Dungeon
  3286 | D:5      | Reached skill level 7 in Stealth
  3842 | D:5      | Gained mutation: Your bite disrupts and absorbs the magic
                  | of your enemies. [Mana Stalker growth]
  3842 | D:5      | Gained mutation: You are resistant to hostile enchantments.
                  | (MR+) [Mana Stalker growth]
  3842 | D:5      | Reached XP level 8. HP: 42/48 MP: 10/11
  3917 | D:5      | Found a shadowy altar of Dithmenos.
  4302 | D:5      | Reached skill level 5 in Evocations
  4332 | D:5      | Found a hazy altar of Hepliaklqana.
  4687 | D:6      | Reached skill level 5 in Fighting
  4881 | D:6      | Reached skill level 8 in Stealth
  5028 | D:6      | Reached XP level 9. HP: 25/54 MP: 13/13
  5559 | D:5      | Reached skill level 9 in Stealth
  5756 | D:6      | Reached skill level 5 in Dodging
  5952 | D:7      | Reached skill level 10 in Stealth
  6367 | D:7      | Noticed Dowan
  6368 | D:7      | Noticed Duvessa
  6370 | D:7      | Noticed a deep elf mage
  6370 | D:7      | Noticed a two-headed ogre
  6460 | D:7      | Found a shattered altar of Ashenzari.
  6677 | D:7      | Found an iron altar of Okawaru.
  6960 | D:7      | Noticed a hornet
  7005 | D:8      | Found a staircase to the Lair.
  7184 | D:8      | Reached XP level 10. HP: 60/60 MP: 14/14
  7237 | D:8      | Found a basalt altar of Yredelemnul.
  7239 | D:8      | Noticed Harold
  7333 | D:7      | Killed a deep elf mage
  7338 | D:7      | HP: 1/60 [hornet (10)]
  7345 | D:7      | HP: 2/60 [poisoned by a hornet]
  7530 | D:9      | Found a radiant altar of Vehumet.
  7571 | D:8      | Gained mutation: You are dopey. (Int -2) [potion of
                  | mutation]
  7571 | D:8      | Gained mutation: You have a pair of small horns on your
                  | head. [potion of mutation]
  7650 | D:8      | Noticed Joseph
  7653 | D:8      | Killed Joseph
  7745 | D:8      | Found a stormy altar of Qazlal.
  7985 | D:8      | Found an ornate altar of the Wu Jian Council.
  8033 | D:8      | Became a worshipper of the Wu Jian Council
  8099 | D:8      | Noticed a cyclops
  8116 | D:8      | Killed a cyclops
  8198 | D:8      | Killed Harold
  8468 | D:8      | Learned a level 1 spell: Freeze
  8478 | D:8      | Learned a level 4 spell: Throw Icicle
  8481 | D:8      | Learned a level 2 spell: Throw Frost
  8750 | D:7      | Killed a two-headed ogre
  8750 | D:7      | Reached skill level 1 in Spellcasting
  8750 | D:7      | Reached skill level 1 in Ice Magic
  8857 | D:7      | Killed Dowan
  8867 | D:7      | Killed Duvessa
  8867 | D:7      | Reached XP level 11. HP: 59/64 MP: 16/16
  8985 | D:9      | Found Gegime's Weapon Emporium.
  9033 | Lair:1   | Entered Level 1 of the Lair of Beasts
  9159 | Lair:1   | Noticed Artagas's ghost (novice VSRg)
  9402 | Lair:1   | Reached skill level 11 in Stealth
  9512 | Lair:1   | Found a runed translucent gate.
  9512 | Lair:1   | Found a runed translucent gate.
  9513 | Lair:1   | Found a runed translucent gate.
  9515 | Lair:1   | Got a jewelled hunting sling
  9955 | Lair:2   | Noticed an eight-headed hydra
  9955 | Lair:2   | Slain by a cane toad

Skill      XL: |  1  2  3  4  5  6  7  8  9 10 11 |
---------------+----------------------------------+-----
Stealth        | 6 7 8 10 11 | 11.0
Fighting       | 2 3 5 6 |  6.0
Short Blades   | 2 3 4 5 7 9 |  9.3
Dodging        | 1 2 3 4 5 |  5.0
Evocations     | 3 5 6 |  6.2
Spellcasting   | 2 3 |  3.5
Conjurations   | 2 4 |  4.2
Ice Magic      | 2 3 |  3.6

Action                   |  1- 3 |  4- 6 |  7- 9 | 10-12 || total
-------------------------+-------+-------+-------+-------++-------
Melee: Dagger            |    78 |   135 |    50 |       ||   263
       Bite              |     8 |    14 |    91 |    45 ||   158
       Trident           |       |     8 |    16 |       ||    24
       Short sword       |       |       |   219 |   122 ||   341
       Headbutt          |       |       |       |    23 ||    23
 Fire: Blowgun           |     6 |    19 |     4 |       ||    29
Throw: Stone             |       |     1 |    21 |     2 ||    24
 Cast: Freeze            |       |       |       |     3 ||     3
       Throw Frost       |       |       |       |     1 ||     1
Invok: Whirlwind         |       |       |       |    18 ||    18
       Lunge             |       |       |       |    11 ||    11
Evoke: Wand              |     6 |       |     1 |     6 ||    13
  Use: Potion            |     4 |       |     1 |     1 ||     6
       Scroll            |       |     7 |     9 |     3 ||    19
 Stab: Sleeping          |     9 |     8 |    12 |    10 ||    39
  Eat: Chunk             |       |     5 |    11 |     6 ||    22
       Ration            |       |       |     1 |     1 ||     2
Armor: Robe              |    18 |    22 |    42 |    13 ||    95
Dodge: Dodged            |    36 |    76 |   158 |    56 ||   326
Block: Shield            |       |       |       |     7 ||     7
